AoeStats
← 啤酒肚肥猪

Glade

510525249Analyzed
1v1 RM · 18h ago on Oct 1, 2026· 45m 54s· 2 players
Game mode
Random Map
Map size
Tiny (2 player)
Population
200
Speed
Normal
Resources
Standard
Victory
Conquest
Starting age
Dark Age
Ending age
Imperial Age
RankedLock teamsTeams togetherTeam positionsShared explorationLock speedFull tech treeHidden civsTurbo modeCheats
Victory
Defeat
🇭🇰 Cumans · Hong Kong SAR China
1519
+15
🇺🇸 Malians · United States
1503
-15
sabernosefish
10:54 Feudal Age
11:06 Man-at-Arms
11:34 Arson
11:37 Loom
12:38 Fletching
15:04 Town Watch
21:10 Castle Age
20:10 Double-Bit Axe
20:11 Horse Collar
21:54 Bodkin Arrow
22:28 Guard Tower
23:42 Crossbowman
25:56 Gold Mining
31:16 Imperial Age
29:16 Padded Archer Armor
30:10 Scale Mail Armor
31:14 Masonry
32:13 Ballistics
31:20 Arbalester
34:20 Chemistry
34:28 Wheelbarrow
36:48 Chain Mail Armor
37:25 Town Patrol
38:38 Conscription
38:42 Forging
38:57 Scale Barding Armor
39:47 Husbandry
42:00 Light Cavalry
43:18 Bloodlines
43:45 Iron Casting
43:20 Squires
43:02 Heavy Camel Rider
啤酒肚肥猪
9:16 Feudal Age
10:51 Double-Bit Axe
14:31 Horse Collar
17:28 Fletching
18:45 Loom
21:25 Wheelbarrow
23:51 Castle Age
21:59 Stone Mining
23:14 Gold Mining
25:54 Bow Saw
25:46 Heavy Plow
25:53 Bodkin Arrow
30:14 Imperial Age
28:05 Padded Archer Armor
29:06 Leather Archer Armor
29:29 Bloodlines
30:30 Gold Shaft Mining
32:17 Chemistry
33:18 Two-Man Saw
33:29 Ballistics
33:02 Cavalier
35:55 Thumb Ring
38:50 Hand Cart
38:20 Town Watch
40:12 Guilds
40:38 Parthian Tactics
40:18 Steppe Husbandry
40:25 Light Cavalry
42:31 Hussar
43:43 Masonry
44:12 Capped Ram
Connection lost

Rejoining the realm…

Still unreachable

The connection could not be restored.

Session expired

The server has moved on; the page needs a fresh start.